[ AOE2 MATCH · #466623663 ]
UnrankedKhmer vs Turks
[ REPLAY ANALYSIS · EXTRACTED FROM THE RECORDED GAME ]
Feudal
10:31
Castle
14:14
Imperial
28:26
| APM avg | 42.5 |
| APM peak | 86 |
| eAPM avg | 23.0 |
| Villagers / military | 175 / 170 |
Focus
⚔️ 21.3% · 🌾 78.7%
Battle Elephant ×98 · Scorpion ×42 · Ballista Elephant ×27 · Trebuchet (Packed) ×2 · Scout Cavalry ×1
Feudal
10:05
Castle
14:50
Imperial
28:38
| APM avg | 21.6 |
| APM peak | 42 |
| eAPM avg | 12.8 |
| Villagers / military | 139 / 79 |
Focus
⚔️ 22.4% · 🌾 77.6%
Knight ×46 · Skirmisher ×25 · War Elephant ×3 · Trebuchet (Packed) ×3 · Monk ×2
Feudal
14:11
Castle
17:56
Imperial
22:09
| APM avg | 15.7 |
| APM peak | 44 |
| eAPM avg | 10.4 |
| Villagers / military | 93 / 38 |
Focus
⚔️ 12.1% · 🌾 87.9%
Janissary ×38
Feudal
11:42
Castle
15:41
Imperial
30:45
| APM avg | 38.3 |
| APM peak | 74 |
| eAPM avg | 15.8 |
| Villagers / military | 107 / 62 |
Focus
⚔️ 25.8% · 🌾 74.2%
Spearman ×35 · Monk ×12 · Bombard Cannon ×11 · Mangonel ×3 · Battering Ram ×1
Feudal
11:19
Castle
15:09
Imperial
30:23
| APM avg | 42.3 |
| APM peak | 86 |
| eAPM avg | 27.1 |
| Villagers / military | 151 / 104 |
Focus
⚔️ 38.4% · 🌾 61.6%
Knight ×96 · Monk ×3 · Bombard Cannon ×3 · Spearman ×1 · Scout Cavalry ×1
Feudal
—
Castle
—
Imperial
—
| APM avg | 22.3 |
| APM peak | 55 |
| eAPM avg | 12.2 |
| Villagers / military | 127 / 22 |
Focus
⚔️ 13.4% · 🌾 86.6%
Genoese Crossbowman ×16 · Mangonel ×3 · Bombard Cannon ×3
Feudal
10:07
Castle
14:00
Imperial
28:53
| APM avg | 36.8 |
| APM peak | 81 |
| eAPM avg | 21.9 |
| Villagers / military | 156 / 47 |
Focus
⚔️ 24.1% · 🌾 75.9%
Archer ×13 · Spearman ×11 · Longbowman ×9 · Trebuchet (Packed) ×9 · Monk ×3 · Mangonel ×2
Feudal
11:49
Castle
15:19
Imperial
33:21
| APM avg | 38.0 |
| APM peak | 87 |
| eAPM avg | 15.6 |
| Villagers / military | 107 / 39 |
Focus
⚔️ 18.1% · 🌾 81.9%
Genoese Crossbowman ×24 · Scout Cavalry ×11 · Mangonel ×4
Match map
Initial resources + every placement click. Lines = walls · curves = elevation contours. ◆ gold · ⬟ stone · ● berries · ✦ relic · ◌ wall gap
Your base· ✓ Closed at 14:14 · 0t walls · 3 gate(s)
Reymon's base· ✓ Closed at 14:50 · 0t walls · 2 gate(s)
DGHIR | Kiro's base· ✓ Closed at 17:56 · 0t walls · 3 gate(s)
folly55's base· ✓ Closed at 15:41 · 0t walls · 3 gate(s)
DGHIR | JUGUITO TIME's base· ✓ Closed at 15:09 · 2t walls · 5 gate(s)
Soldier Ghostz's base· ✓ Closed at 12:34 · 0t walls · 3 gate(s)
pasonnosap's base· ✓ Closed at 14:00 · 0t walls · 2 gate(s)
DGHIR | Miloss's base· ✓ Closed at 15:19 · 0t walls · 2 gate(s)
Smoothed initial terrain · ◌ = detected wall gap · hover for details
Inputs per minute
— Charlie - - Reymon
Build order — Charlie
First 150 of 415 actions detected
| 0:01 | Create | Villager (Male) |
| 0:01 | Create | Villager (Male) |
| 0:01 | Create | Villager (Male) |
| 0:02 | Create | Villager (Male) |
| 0:02 | Build | House |
| 0:04 | Build | House |
| 1:31 | Create | Villager (Male) |
| 1:31 | Create | Villager (Male) |
| 1:45 | Build | Lumber Camp |
| 2:02 | Create | Villager (Male) |
| 2:02 | Create | Villager (Male) |
| 2:17 | Create | Villager (Male) |
| 2:17 | Create | Villager (Male) |
| 2:47 | Create | Villager (Male) |
| 2:47 | Create | Villager (Male) |
| 3:02 | Create | Villager (Male) |
| 3:02 | Create | Villager (Male) |
| 3:33 | Create | Villager (Male) |
| 3:34 | Create | Villager (Male) |
| 3:48 | Build | House |
| 3:49 | Build | House |
| 3:59 | Create | Villager (Male) |
| 3:59 | Create | Villager (Male) |
| 4:13 | Build | Mill |
| 4:28 | Create | Villager (Male) |
| 4:34 | Create | Villager (Male) |
| 4:34 | Create | Villager (Male) |
| 5:08 | Create | Villager (Male) |
| 5:39 | Create | Villager (Male) |
| 5:42 | Create | Villager (Male) |
| 5:51 | Create | Villager (Male) |
| 6:09 | Create | Villager (Male) |
| 6:09 | Create | Villager (Male) |
| 6:19 | Create | Villager (Male) |
| 6:19 | Create | Villager (Male) |
| 6:19 | Create | Villager (Male) |
| 6:23 | Build | Farm |
| 6:25 | Build | Farm |
| 6:50 | Create | Villager (Male) |
| 6:50 | Create | Villager (Male) |
| 7:09 | Build | House |
| 8:13 | Build | Mining Camp |
| 8:15 | Research | Feudal Age |
| 8:29 | Build | Mill |
| 9:15 | Build | Farm |
| 9:17 | Build | Farm |
| 9:23 | Build | Farm |
| 9:34 | Create | Villager (Male) |
| 10:31 | Age | Feudal Age |
| 10:48 | Build | Market |
| 10:54 | Create | Villager (Male) |
| 11:20 | Build | Farm |
| 11:34 | Research | Castle Age |
| 11:34 | Research | Castle Age |
| 11:59 | Research | Double-Bit Axe |
| 11:59 | Research | Double-Bit Axe |
| 12:28 | Research | Horse Collar |
| 12:29 | Research | Horse Collar |
| 14:14 | Age | Castle Age |
| 14:17 | Build | Town Center |
| 14:31 | Create | Villager (Male) |
| 14:32 | Create | Villager (Male) |
| 14:33 | Research | Bow Saw |
| 15:06 | Build | House |
| 15:06 | Build | House |
| 15:20 | Create | Villager (Male) |
| 15:35 | Create | Villager (Male) |
| 15:35 | Create | Villager (Male) |
| 15:50 | Build | Town Center |
| 15:53 | Create | Villager (Male) |
| 15:53 | Create | Villager (Male) |
| 16:01 | Build | Farm |
| 16:03 | Create | Villager (Male) |
| 16:10 | Create | Villager (Male) |
| 16:13 | Build | House |
| 16:13 | Build | House |
| 16:29 | Create | Villager (Male) |
| 16:40 | Build | Farm |
| 16:41 | Build | Farm |
| 16:49 | Create | Villager (Male) |
| 16:51 | Build | House |
| 16:52 | Build | House |
| 16:55 | Research | Heavy Plow |
| 16:59 | Create | Villager (Male) |
| 17:10 | Build | Farm |
| 17:13 | Build | Farm |
| 17:17 | Create | Villager (Male) |
| 17:17 | Create | Villager (Male) |
| 17:20 | Build | Farm |
| 17:28 | Build | Farm |
| 17:32 | Create | Villager (Male) |
| 17:33 | Create | Villager (Male) |
| 17:35 | Build | Farm |
| 17:40 | Build | Farm |
| 17:44 | Build | Farm |
| 17:45 | Create | Villager (Male) |
| 17:45 | Create | Villager (Male) |
| 17:48 | Build | House |
| 17:58 | Build | Farm |
| 17:58 | Create | Villager (Male) |
| 17:59 | Create | Villager (Male) |
| 18:05 | Build | Farm |
| 18:06 | Create | Villager (Male) |
| 18:06 | Create | Villager (Male) |
| 18:09 | Build | Farm |
| 18:17 | Build | Farm |
| 18:18 | Create | Villager (Male) |
| 18:18 | Create | Villager (Male) |
| 18:24 | Create | Villager (Male) |
| 18:24 | Create | Villager (Male) |
| 18:27 | Build | Farm |
| 18:30 | Build | House |
| 18:31 | Create | Villager (Male) |
| 18:35 | Build | Farm |
| 18:38 | Create | Villager (Male) |
| 18:39 | Create | Villager (Male) |
| 18:46 | Create | Villager (Male) |
| 18:47 | Build | Farm |
| 18:53 | Build | Farm |
| 18:53 | Create | Villager (Male) |
| 18:54 | Create | Villager (Male) |
| 18:58 | Build | House |
| 19:00 | Create | Villager (Male) |
| 19:00 | Create | Villager (Male) |
| 19:07 | Build | Farm |
| 19:07 | Create | Villager (Male) |
| 19:07 | Create | Villager (Male) |
| 19:12 | Create | Villager (Male) |
| 19:13 | Create | Villager (Male) |
| 19:17 | Create | Villager (Male) |
| 19:17 | Create | Villager (Male) |
| 19:19 | Build | Farm |
| 19:23 | Build | Farm |
| 19:24 | Create | Villager (Male) |
| 19:28 | Build | House |
| 19:29 | Create | Villager (Male) |
| 19:34 | Create | Villager (Male) |
| 19:37 | Build | Farm |
| 19:40 | Create | Villager (Male) |
| 19:51 | Create | Villager (Male) |
| 19:52 | Build | Farm |
| 20:00 | Build | House |
| 20:01 | Build | House |
| 20:06 | Build | House |
| 20:09 | Build | House |
| 20:10 | Build | House |
| 20:11 | Build | House |
| 20:17 | Create | Villager (Male) |
| 20:17 | Create | Villager (Male) |
| 20:20 | Create | Villager (Male) |
Build order — Reymon
First 150 of 256 actions detected
| 0:01 | Create | Villager (Male) |
| 0:02 | Build | House |
| 0:04 | Build | House |
| 0:19 | Create | Villager (Male) |
| 0:29 | Create | Villager (Male) |
| 0:55 | Create | Villager (Male) |
| 1:14 | Create | Villager (Male) |
| 1:30 | Create | Villager (Male) |
| 1:42 | Build | Lumber Camp |
| 2:01 | Create | Villager (Male) |
| 2:22 | Create | Villager (Male) |
| 2:56 | Create | Villager (Male) |
| 3:15 | Build | House |
| 3:28 | Create | Villager (Male) |
| 3:50 | Create | Villager (Male) |
| 4:01 | Create | Villager (Male) |
| 4:46 | Create | Villager (Male) |
| 4:55 | Create | Villager (Male) |
| 4:57 | Build | House |
| 5:31 | Create | Villager (Male) |
| 6:02 | Create | Villager (Male) |
| 6:08 | Build | Mill |
| 6:10 | Create | Villager (Male) |
| 6:10 | Create | Villager (Male) |
| 6:22 | Create | Villager (Male) |
| 6:27 | Create | Villager (Male) |
| 6:47 | Create | Villager (Male) |
| 7:20 | Build | Mill |
| 7:46 | Build | Mining Camp |
| 7:56 | Research | Feudal Age |
| 9:11 | Build | House |
| 9:26 | Build | Farm |
| 9:30 | Build | Farm |
| 9:41 | Create | Villager (Male) |
| 9:41 | Create | Villager (Male) |
| 10:05 | Age | Feudal Age |
| 10:12 | Build | Market |
| 10:16 | Build | Blacksmith |
| 10:20 | Create | Villager (Male) |
| 10:31 | Build | Farm |
| 11:13 | Create | Villager (Male) |
| 11:18 | Build | House |
| 11:38 | Create | Villager (Male) |
| 11:59 | Research | Loom |
| 12:24 | Research | Castle Age |
| 12:52 | Research | Double-Bit Axe |
| 13:21 | Build | Farm |
| 13:23 | Build | Farm |
| 13:28 | Research | Horse Collar |
| 13:40 | Build | Farm |
| 14:42 | Create | Villager (Male) |
| 14:42 | Create | Villager (Male) |
| 14:50 | Age | Castle Age |
| 14:56 | Build | Town Center |
| 15:05 | Build | Town Center |
| 15:11 | Create | Villager (Male) |
| 15:16 | Build | Farm |
| 15:39 | Build | Farm |
| 15:50 | Build | House |
| 15:53 | Build | House |
| 16:02 | Build | Farm |
| 16:03 | Create | Villager (Male) |
| 16:06 | Build | Farm |
| 16:09 | Build | Farm |
| 16:13 | Build | Farm |
| 16:15 | Create | Villager (Male) |
| 16:15 | Create | Villager (Male) |
| 16:30 | Create | Villager (Male) ×4 |
| 16:37 | Build | Farm |
| 16:43 | Build | House |
| 16:45 | Build | House |
| 16:58 | Create | Villager (Male) |
| 17:01 | Create | Villager (Male) |
| 17:05 | Build | Farm |
| 17:24 | Build | Town Center |
| 17:29 | Build | Farm |
| 17:32 | Create | Villager (Male) ×3 |
| 17:56 | Create | Villager (Male) ×2 |
| 18:01 | Build | Farm |
| 18:02 | Build | Farm |
| 18:05 | Build | Farm |
| 18:12 | Build | Farm |
| 18:23 | Build | Farm |
| 18:27 | Create | Villager (Male) ×3 |
| 18:31 | Build | Farm |
| 18:42 | Build | Farm |
| 18:45 | Create | Villager (Male) ×2 |
| 18:52 | Create | Villager (Male) ×3 |
| 19:00 | Create | Villager (Male) |
| 19:03 | Build | House |
| 19:05 | Build | House |
| 19:08 | Build | Farm |
| 19:12 | Create | Villager (Male) |
| 19:14 | Create | Villager (Male) |
| 19:18 | Create | Villager (Male) |
| 19:19 | Build | Farm |
| 19:27 | Build | Farm |
| 19:30 | Create | Villager (Male) ×2 |
| 19:32 | Build | Farm |
| 19:43 | Create | Villager (Male) ×2 |
| 19:48 | Build | Farm |
| 20:06 | Build | Farm |
| 20:08 | Create | Villager (Male) ×4 |
| 20:14 | Build | House |
| 20:16 | Build | House |
| 20:18 | Build | Barracks |
| 20:25 | Build | Farm |
| 20:27 | Build | Farm |
| 20:30 | Create | Villager (Male) ×4 |
| 20:39 | Create | Villager (Male) |
| 20:42 | Build | Farm |
| 20:45 | Create | Villager (Male) |
| 20:57 | Build | Monastery |
| 21:04 | Build | House |
| 21:05 | Build | House |
| 21:08 | Create | Villager (Male) ×4 |
| 21:13 | Build | Farm |
| 21:14 | Build | Farm |
| 21:26 | Research | Wheelbarrow |
| 21:32 | Create | Monk |
| 21:39 | Build | Stable |
| 21:49 | Build | Mining Camp |
| 21:53 | Create | Villager (Male) ×5 |
| 21:58 | Build | Farm |
| 21:59 | Build | Farm |
| 22:05 | Research | Bow Saw |
| 22:26 | Create | Villager (Male) ×5 |
| 22:34 | Build | House |
| 22:37 | Create | Villager (Male) ×2 |
| 22:43 | Build | House |
| 22:44 | Build | House |
| 22:49 | Build | House |
| 22:51 | Build | House |
| 23:15 | Create | Villager (Male) ×5 |
| 23:31 | Build | Farm |
| 23:36 | Build | University |
| 23:38 | Build | Mill |
| 23:38 | Build | Farm |
| 23:39 | Build | Farm |
| 23:39 | Build | Farm |
| 23:39 | Build | Farm |
| 23:40 | Build | Farm |
| 23:40 | Build | Farm |
| 23:45 | Build | Farm |
| 23:47 | Create | Villager (Male) ×5 |
| 23:50 | Build | House |
| 23:53 | Build | House |
| 23:54 | Build | House |
| 24:18 | Build | Stable |
| 24:19 | Build | Stable |
Build order — DGHIR | Kiro
First 150 of 219 actions detected
| 0:02 | Create | Villager (Male) |
| 0:02 | Create | Villager (Male) |
| 0:02 | Create | Villager (Male) |
| 0:03 | Build | House |
| 0:05 | Build | House |
| 0:58 | Create | Villager (Male) |
| 1:48 | Build | Lumber Camp |
| 1:58 | Create | Villager (Male) |
| 1:58 | Create | Villager (Male) |
| 2:25 | Create | Villager (Male) |
| 2:25 | Create | Villager (Male) |
| 2:26 | Create | Villager (Male) |
| 3:07 | Create | Villager (Male) |
| 3:07 | Create | Villager (Male) |
| 3:17 | Create | Villager (Male) |
| 3:54 | Create | Villager (Male) |
| 4:11 | Build | House |
| 4:12 | Build | House |
| 4:12 | Build | House |
| 4:16 | Create | Villager (Male) |
| 4:42 | Create | Villager (Male) |
| 4:57 | Build | Mill |
| 5:41 | Create | Villager (Male) |
| 5:41 | Create | Villager (Male) |
| 5:42 | Create | Villager (Male) |
| 6:13 | Build | Mill |
| 6:32 | Create | Villager (Male) |
| 7:14 | Build | Farm |
| 7:14 | Build | Farm |
| 7:26 | Create | Villager (Male) |
| 7:27 | Create | Villager (Male) |
| 8:04 | Build | Farm |
| 8:30 | Create | Villager (Male) |
| 8:30 | Create | Villager (Male) |
| 8:30 | Create | Villager (Male) |
| 9:05 | Build | Mining Camp |
| 9:07 | Create | Villager (Male) |
| 9:53 | Create | Villager (Male) |
| 9:54 | Create | Villager (Male) |
| 10:02 | Build | Farm |
| 10:03 | Build | Farm |
| 11:11 | Create | Villager (Male) |
| 11:21 | Create | Villager (Male) |
| 11:24 | Research | Feudal Age |
| 11:38 | Build | Farm |
| 12:37 | Build | Farm |
| 12:37 | Build | Farm |
| 12:37 | Build | Farm |
| 12:38 | Build | Farm |
| 13:11 | Create | Villager (Male) |
| 13:12 | Create | Villager (Male) |
| 13:44 | Build | House |
| 14:11 | Age | Feudal Age |
| 14:20 | Build | Market |
| 14:25 | Build | Blacksmith |
| 14:49 | Build | Farm |
| 15:16 | Research | Castle Age |
| 15:51 | Build | Mining Camp |
| 16:10 | Build | Farm |
| 17:56 | Age | Castle Age |
| 18:01 | Build | University |
| 18:09 | Create | Villager (Male) |
| 18:10 | Create | Villager (Male) |
| 18:17 | Build | Monastery |
| 18:58 | Research | Imperial Age |
| 19:14 | Build | House |
| 19:15 | Build | House |
| 19:31 | Research | Double-Bit Axe |
| 19:42 | Build | Farm |
| 19:42 | Build | Farm |
| 20:25 | Research | Bow Saw |
| 21:14 | Build | Castle |
| 21:35 | Build | Town Center |
| 22:09 | Age | Imperial Age |
| 22:11 | Create | Villager (Male) |
| 22:11 | Create | Villager (Male) |
| 22:12 | Create | Villager (Male) |
| 22:41 | Research | Conscription |
| 22:52 | Create | Villager (Male) |
| 22:53 | Create | Villager (Male) |
| 23:04 | Build | Lumber Camp |
| 23:06 | Create | Villager (Male) |
| 23:06 | Create | Villager (Male) |
| 23:06 | Create | Villager (Male) |
| 23:30 | Create | Villager (Male) |
| 23:30 | Create | Villager (Male) |
| 23:30 | Create | Villager (Male) |
| 23:31 | Create | Villager (Male) |
| 24:11 | Build | Town Center |
| 24:16 | Create | Villager (Male) |
| 24:16 | Create | Villager (Male) |
| 24:32 | Research | Horse Collar |
| 24:47 | Create | Janissary |
| 24:49 | Create | Janissary |
| 24:51 | Build | Farm |
| 25:00 | Create | Villager (Male) |
| 25:00 | Create | Villager (Male) |
| 25:04 | Create | Janissary |
| 25:18 | Build | Farm |
| 25:21 | Build | Farm |
| 25:40 | Build | Farm |
| 25:47 | Build | Farm |
| 26:07 | Build | Farm |
| 26:12 | Build | Farm |
| 26:15 | Research | Loom |
| 26:15 | Create | Villager (Male) |
| 26:16 | Create | Villager (Male) |
| 26:33 | Create | Villager (Male) |
| 26:33 | Create | Villager (Male) |
| 26:34 | Create | Villager (Male) |
| 26:37 | Build | Farm |
| 26:46 | Create | Villager (Male) |
| 26:46 | Create | Villager (Male) |
| 26:58 | Build | Town Center |
| 27:03 | Create | Villager (Male) |
| 27:03 | Create | Villager (Male) |
| 27:10 | Build | Farm |
| 27:10 | Build | Farm |
| 27:11 | Build | Farm |
| 27:14 | Create | Janissary |
| 27:44 | Research | Gold Mining |
| 27:45 | Create | Villager (Male) |
| 27:47 | Create | Villager (Male) |
| 27:47 | Create | Villager (Male) |
| 27:57 | Create | Janissary |
| 28:06 | Build | Farm |
| 28:07 | Build | Farm |
| 28:07 | Build | Farm |
| 28:07 | Build | Farm |
| 28:07 | Build | Farm |
| 28:08 | Build | Farm |
| 28:19 | Build | Farm |
| 28:23 | Create | Villager (Male) |
| 28:23 | Create | Villager (Male) |
| 28:23 | Create | Villager (Male) |
| 28:32 | Build | Farm |
| 28:42 | Create | Villager (Male) |
| 28:42 | Create | Villager (Male) |
| 28:46 | Create | Janissary |
| 28:47 | Create | Janissary |
| 28:55 | Create | Janissary |
| 29:02 | Create | Janissary |
| 29:17 | Create | Villager (Male) |
| 29:17 | Create | Villager (Male) |
| 29:18 | Create | Villager (Male) |
| 29:28 | Build | Farm |
| 29:29 | Build | Farm |
| 29:29 | Build | Farm |
| 29:41 | Build | Castle |
| 29:47 | Create | Villager (Male) |
Build order — folly55
First 150 of 281 actions detected
| 0:01 | Create | Villager (Male) |
| 0:02 | Create | Villager (Male) |
| 0:02 | Create | Villager (Male) |
| 0:02 | Create | Villager (Male) |
| 0:05 | Build | House |
| 0:07 | Build | House |
| 1:27 | Create | Villager (Male) |
| 1:55 | Build | Lumber Camp |
| 2:08 | Create | Villager (Male) |
| 2:16 | Build | House |
| 2:20 | Create | Villager (Male) |
| 2:58 | Create | Villager (Male) |
| 3:15 | Create | Villager (Male) |
| 3:38 | Create | Villager (Male) |
| 4:07 | Create | Villager (Male) |
| 4:07 | Create | Villager (Male) |
| 4:53 | Build | Mill |
| 5:00 | Create | Villager (Male) |
| 5:00 | Create | Villager (Male) |
| 5:01 | Create | Villager (Male) |
| 5:41 | Create | Villager (Male) |
| 5:48 | Build | House |
| 6:22 | Build | Mill |
| 6:59 | Research | Loom |
| 7:02 | Create | Villager (Male) |
| 7:02 | Create | Villager (Male) |
| 7:15 | Build | Farm |
| 7:24 | Create | Villager (Male) |
| 7:34 | Build | House |
| 7:41 | Create | Villager (Male) |
| 8:09 | Create | Villager (Male) |
| 8:25 | Create | Villager (Male) |
| 9:09 | Build | Mining Camp |
| 9:13 | Research | Feudal Age |
| 9:48 | Create | Villager (Male) |
| 9:49 | Create | Villager (Male) |
| 11:42 | Age | Feudal Age |
| 11:47 | Build | Blacksmith |
| 11:53 | Build | Market |
| 12:00 | Build | Farm |
| 12:03 | Build | Farm |
| 12:04 | Build | Farm |
| 13:01 | Research | Castle Age |
| 13:32 | Build | Lumber Camp |
| 13:49 | Build | Farm |
| 14:16 | Build | House |
| 14:17 | Build | House |
| 14:30 | Create | Villager (Male) |
| 14:31 | Create | Villager (Male) |
| 14:40 | Build | House |
| 14:41 | Build | House |
| 15:01 | Create | Villager (Male) |
| 15:01 | Create | Villager (Male) |
| 15:35 | Research | Double-Bit Axe |
| 15:37 | Research | Horse Collar |
| 15:41 | Age | Castle Age |
| 15:46 | Build | Siege Workshop |
| 16:02 | Build | Monastery |
| 16:09 | Create | Villager (Male) |
| 16:17 | Research | Loom |
| 16:20 | Research | Bow Saw |
| 16:31 | Build | House |
| 16:53 | Create | Monk |
| 17:08 | Create | Mangonel |
| 17:17 | Create | Monk |
| 17:18 | Create | Monk |
| 17:35 | Create | Villager (Male) |
| 17:43 | Create | Battering Ram |
| 17:51 | Build | Monastery |
| 17:56 | Build | Farm |
| 18:05 | Create | Monk |
| 18:16 | Research | Redemption |
| 18:34 | Create | Monk |
| 19:04 | Create | Mangonel |
| 19:29 | Create | Villager (Male) |
| 19:35 | Build | Town Center |
| 19:45 | Create | Mangonel |
| 19:49 | Create | Villager (Male) |
| 20:47 | Create | Villager (Male) |
| 20:48 | Create | Villager (Male) |
| 20:48 | Create | Villager (Male) |
| 20:48 | Create | Villager (Male) |
| 20:48 | Create | Villager (Male) |
| 20:53 | Build | Town Center |
| 21:24 | Create | Villager (Male) |
| 21:25 | Create | Villager (Male) |
| 21:25 | Create | Villager (Male) |
| 21:25 | Create | Villager (Male) |
| 21:26 | Create | Villager (Male) |
| 21:26 | Create | Villager (Male) |
| 21:31 | Build | Farm |
| 21:31 | Build | Farm |
| 21:31 | Build | Farm |
| 21:31 | Build | Farm |
| 21:32 | Build | Farm |
| 21:32 | Build | Farm |
| 21:32 | Build | Farm |
| 21:32 | Build | Farm |
| 21:33 | Build | Farm |
| 21:33 | Build | Farm |
| 21:33 | Build | Farm |
| 22:06 | Create | Villager (Male) |
| 22:12 | Create | Villager (Male) |
| 22:16 | Build | Farm |
| 22:20 | Build | Farm |
| 22:24 | Build | Farm |
| 22:27 | Build | Farm |
| 22:27 | Create | Villager (Male) |
| 22:35 | Create | Villager (Male) |
| 22:53 | Create | Monk |
| 22:56 | Create | Monk |
| 23:02 | Create | Villager (Male) |
| 23:02 | Create | Villager (Male) |
| 23:10 | Build | Farm |
| 23:10 | Build | Farm |
| 23:10 | Build | Farm |
| 23:10 | Build | Farm |
| 23:11 | Build | Farm |
| 23:16 | Create | Villager (Male) |
| 23:16 | Create | Villager (Male) |
| 23:38 | Create | Villager (Male) |
| 23:38 | Create | Villager (Male) |
| 24:03 | Create | Villager (Male) |
| 24:05 | Create | Villager (Male) |
| 24:05 | Create | Villager (Male) |
| 24:05 | Create | Villager (Male) |
| 24:10 | Research | Atonement |
| 24:13 | Research | Fervor |
| 24:14 | Research | Fervor |
| 24:17 | Research | Sanctity |
| 24:21 | Build | Farm |
| 24:25 | Build | Mining Camp |
| 24:27 | Create | Villager (Male) |
| 24:28 | Create | Villager (Male) |
| 24:28 | Create | Villager (Male) |
| 24:28 | Create | Villager (Male) |
| 25:04 | Research | Wheelbarrow |
| 25:05 | Create | Villager (Male) |
| 25:13 | Build | Farm |
| 25:14 | Build | Farm |
| 25:14 | Build | Farm |
| 25:15 | Build | Farm |
| 25:15 | Build | Farm |
| 25:15 | Build | Farm |
| 25:16 | Build | Farm |
| 25:21 | Research | Heavy Plow |
| 26:18 | Build | Farm |
| 26:18 | Create | Villager (Male) |
| 26:19 | Create | Villager (Male) |
| 26:23 | Build | University |
Build order — DGHIR | JUGUITO TIME
First 150 of 435 actions detected
| 0:02 | Create | Villager (Male) |
| 0:02 | Create | Villager (Male) |
| 0:03 | Create | Villager (Male) |
| 0:03 | Create | Villager (Male) |
| 0:04 | Build | House |
| 0:06 | Build | House |
| 1:28 | Build | Palisade Gate |
| 1:34 | Build | Palisade Wall |
| 1:35 | Build | Palisade Wall |
| 1:37 | Create | Villager (Male) |
| 2:01 | Build | Palisade Gate |
| 2:10 | Build | Palisade Gate |
| 2:12 | Create | Villager (Male) |
| 2:18 | Create | Villager (Male) |
| 2:19 | Create | Villager (Male) |
| 3:08 | Create | Villager (Male) |
| 3:09 | Create | Villager (Male) |
| 3:30 | Build | House |
| 3:38 | Create | Villager (Male) |
| 3:38 | Create | Villager (Male) |
| 3:59 | Create | Villager (Male) |
| 3:59 | Create | Villager (Male) |
| 4:11 | Build | Lumber Camp |
| 4:33 | Create | Villager (Male) |
| 4:54 | Create | Villager (Male) |
| 5:16 | Create | Villager (Male) |
| 5:16 | Create | Villager (Male) |
| 5:29 | Create | Villager (Male) |
| 5:29 | Create | Villager (Male) |
| 5:40 | Create | Villager (Male) |
| 5:40 | Create | Villager (Male) |
| 5:53 | Build | House |
| 6:16 | Create | Villager (Male) |
| 6:16 | Create | Villager (Male) |
| 6:22 | Create | Villager (Male) |
| 7:01 | Create | Villager (Male) |
| 7:17 | Create | Villager (Male) |
| 7:39 | Build | Mill |
| 7:48 | Build | Mill |
| 7:53 | Build | House |
| 7:53 | Create | Villager (Male) |
| 8:17 | Build | Farm |
| 8:31 | Build | Farm |
| 8:34 | Build | Farm |
| 8:43 | Create | Villager (Male) |
| 9:01 | Build | Mining Camp |
| 9:04 | Create | Villager (Male) |
| 9:09 | Research | Feudal Age |
| 9:09 | Research | Feudal Age |
| 11:19 | Age | Feudal Age |
| 11:25 | Build | Blacksmith |
| 11:27 | Create | Villager (Male) |
| 11:29 | Build | Market |
| 11:49 | Create | Villager (Male) |
| 12:29 | Research | Castle Age |
| 12:29 | Research | Castle Age |
| 12:35 | Build | House |
| 12:48 | Build | Farm |
| 12:51 | Build | Farm |
| 13:19 | Research | Double-Bit Axe |
| 13:20 | Research | Double-Bit Axe |
| 15:09 | Age | Castle Age |
| 15:11 | Create | Villager (Male) |
| 15:14 | Build | Town Center |
| 15:17 | Create | Villager (Male) |
| 15:23 | Build | Town Center |
| 15:36 | Create | Villager (Male) |
| 16:00 | Create | Villager (Male) |
| 16:07 | Research | Bow Saw |
| 16:08 | Create | Villager (Male) |
| 16:15 | Create | Villager (Male) |
| 16:19 | Create | Villager (Male) |
| 16:22 | Create | Villager (Male) |
| 16:25 | Create | Villager (Male) |
| 16:29 | Build | Farm |
| 16:49 | Build | Farm |
| 16:52 | Build | Farm |
| 17:00 | Create | Villager (Male) |
| 17:00 | Create | Villager (Male) |
| 17:00 | Create | Villager (Male) |
| 17:01 | Create | Villager (Male) |
| 17:05 | Build | Farm |
| 17:14 | Build | Farm |
| 17:17 | Build | Farm |
| 17:20 | Build | Farm |
| 17:21 | Create | Villager (Male) |
| 17:28 | Build | Farm |
| 17:29 | Create | Villager (Male) |
| 17:37 | Build | House |
| 17:43 | Build | Farm |
| 17:54 | Build | Farm |
| 17:56 | Build | Farm |
| 17:57 | Create | Villager (Male) |
| 18:02 | Create | Villager (Male) |
| 18:07 | Build | Farm |
| 18:14 | Build | Farm |
| 18:20 | Create | Villager (Male) |
| 18:21 | Create | Villager (Male) |
| 18:22 | Build | House |
| 18:26 | Build | Farm |
| 18:28 | Create | Villager (Male) |
| 18:34 | Build | Farm |
| 18:35 | Create | Villager (Male) |
| 18:35 | Create | Villager (Male) |
| 18:35 | Create | Villager (Male) |
| 18:42 | Build | Farm |
| 18:46 | Research | Loom |
| 18:48 | Create | Villager (Male) |
| 18:49 | Create | Villager (Male) |
| 18:52 | Build | Farm |
| 18:57 | Create | Villager (Male) |
| 19:01 | Build | Farm |
| 19:10 | Build | Farm |
| 19:23 | Create | Villager (Male) |
| 19:23 | Create | Villager (Male) |
| 19:26 | Build | House |
| 19:26 | Create | Villager (Male) |
| 19:30 | Build | Farm |
| 19:30 | Create | Villager (Male) |
| 19:37 | Build | Farm |
| 19:37 | Create | Villager (Male) |
| 19:37 | Create | Villager (Male) |
| 19:44 | Build | Farm |
| 19:45 | Create | Villager (Male) |
| 19:45 | Create | Villager (Male) |
| 19:49 | Build | Farm |
| 19:50 | Create | Villager (Male) |
| 20:02 | Create | Villager (Male) |
| 20:06 | Build | House |
| 20:08 | Create | Villager (Male) |
| 20:19 | Create | Villager (Male) |
| 20:21 | Create | Villager (Male) |
| 20:23 | Create | Villager (Male) |
| 20:31 | Research | Wheelbarrow |
| 20:48 | Create | Villager (Male) |
| 20:55 | Build | Town Center |
| 20:57 | Create | Villager (Male) |
| 21:01 | Build | House |
| 21:11 | Build | Farm |
| 21:14 | Research | Town Watch |
| 21:15 | Create | Villager (Male) |
| 21:22 | Build | Outpost |
| 21:23 | Create | Villager (Male) |
| 21:27 | Build | House |
| 21:28 | Create | Villager (Male) |
| 21:31 | Build | Farm |
| 21:32 | Build | Farm |
| 21:32 | Build | Farm |
| 21:32 | Build | Farm |
| 21:33 | Build | Farm |
Build order — Soldier Ghostz
First 150 of 277 actions detected
| 0:03 | Build | House |
| 0:05 | Build | House |
| 0:06 | Create | Villager (Male) |
| 0:06 | Create | Villager (Male) |
| 0:06 | Create | Villager (Male) |
| 0:06 | Create | Villager (Male) |
| 0:07 | Create | Villager (Male) |
| 0:07 | Create | Villager (Male) |
| 1:39 | Create | Villager (Male) |
| 1:39 | Create | Villager (Male) |
| 1:51 | Build | Lumber Camp |
| 2:12 | Create | Villager (Male) |
| 2:13 | Create | Villager (Male) |
| 2:29 | Create | Villager (Male) |
| 3:17 | Create | Villager (Male) |
| 3:18 | Create | Villager (Male) |
| 3:18 | Create | Villager (Male) |
| 3:18 | Create | Villager (Male) |
| 4:17 | Build | House |
| 4:20 | Build | House |
| 4:22 | Build | House |
| 4:27 | Create | Villager (Male) |
| 4:27 | Create | Villager (Male) |
| 4:27 | Create | Villager (Male) |
| 4:58 | Create | Villager (Male) |
| 4:58 | Create | Villager (Male) |
| 4:59 | Create | Villager (Male) |
| 5:02 | Create | Villager (Male) |
| 5:02 | Create | Villager (Male) |
| 6:03 | Create | Villager (Male) |
| 6:03 | Create | Villager (Male) |
| 6:03 | Create | Villager (Male) |
| 6:03 | Create | Villager (Male) |
| 6:04 | Create | Villager (Male) |
| 6:09 | Build | Mill |
| 7:05 | Create | Villager (Male) |
| 7:05 | Create | Villager (Male) |
| 7:19 | Create | Villager (Male) |
| 7:19 | Create | Villager (Male) |
| 8:26 | Build | Mining Camp |
| 8:29 | Create | Villager (Male) |
| 8:38 | Research | Feudal Age |
| 8:47 | Build | Mill |
| 9:26 | Create | Villager (Male) |
| 9:27 | Research | Loom |
| 9:47 | Build | Farm |
| 9:48 | Build | Farm |
| 11:12 | Build | Market |
| 11:19 | Build | Blacksmith |
| 11:32 | Create | Villager (Male) |
| 12:02 | Build | Mining Camp |
| 12:14 | Build | Farm |
| 12:34 | Research | Castle Age |
| 12:41 | Build | Farm |
| 15:05 | Research | Double-Bit Axe |
| 15:37 | Build | Town Center |
| 15:50 | Build | Siege Workshop |
| 15:53 | Create | Villager (Male) |
| 15:55 | Create | Villager (Male) |
| 16:42 | Build | House |
| 16:45 | Build | House |
| 16:47 | Build | House |
| 16:57 | Create | Villager (Male) |
| 16:58 | Create | Villager (Male) |
| 17:20 | Build | House |
| 17:21 | Build | House |
| 17:25 | Create | Villager (Male) |
| 17:26 | Create | Villager (Male) |
| 17:44 | Create | Villager (Male) |
| 17:45 | Create | Villager (Male) |
| 17:54 | Build | Farm |
| 17:54 | Build | Farm |
| 17:55 | Build | Farm |
| 18:10 | Build | House |
| 18:12 | Build | House |
| 18:13 | Build | House |
| 18:16 | Build | House |
| 18:21 | Create | Villager (Male) |
| 18:21 | Create | Villager (Male) |
| 18:21 | Create | Villager (Male) |
| 18:28 | Create | Villager (Male) |
| 18:36 | Research | Stone Mining |
| 18:49 | Build | Farm |
| 19:03 | Build | Farm |
| 19:13 | Build | Farm |
| 19:24 | Create | Villager (Male) |
| 19:24 | Create | Villager (Male) |
| 19:24 | Create | Villager (Male) |
| 19:24 | Create | Villager (Male) |
| 19:25 | Create | Villager (Male) |
| 19:25 | Create | Villager (Male) |
| 19:25 | Create | Villager (Male) |
| 19:25 | Create | Villager (Male) |
| 19:56 | Build | Outpost |
| 20:01 | Build | Outpost |
| 20:05 | Build | Outpost |
| 20:11 | Build | House |
| 20:18 | Build | Barracks |
| 20:20 | Create | Villager (Male) |
| 20:21 | Create | Villager (Male) |
| 20:21 | Create | Villager (Male) |
| 21:13 | Build | House |
| 21:14 | Build | House |
| 21:15 | Build | House |
| 21:16 | Build | House |
| 21:19 | Create | Villager (Male) |
| 21:19 | Create | Villager (Male) |
| 21:19 | Create | Villager (Male) |
| 21:24 | Build | Town Center |
| 21:38 | Build | Farm |
| 21:39 | Build | Farm |
| 21:39 | Build | Farm |
| 21:51 | Build | Farm |
| 21:53 | Create | Villager (Male) |
| 21:54 | Create | Villager (Male) |
| 22:07 | Research | Horse Collar |
| 22:45 | Build | House |
| 22:48 | Build | House |
| 23:00 | Create | Villager (Male) |
| 23:00 | Create | Villager (Male) |
| 23:00 | Create | Villager (Male) |
| 23:13 | Build | Farm |
| 23:14 | Build | Farm |
| 23:14 | Build | Farm |
| 23:15 | Build | Farm |
| 23:16 | Build | Farm |
| 23:19 | Create | Villager (Male) |
| 23:19 | Create | Villager (Male) |
| 23:33 | Build | Outpost |
| 23:46 | Create | Villager (Male) |
| 23:46 | Create | Villager (Male) |
| 23:54 | Build | Farm |
| 23:54 | Build | Farm |
| 23:54 | Build | Farm |
| 23:55 | Build | Farm |
| 23:56 | Build | Farm |
| 23:57 | Build | Farm |
| 23:58 | Build | Farm |
| 24:20 | Build | Outpost |
| 24:24 | Build | Farm |
| 24:26 | Research | Heavy Plow |
| 24:37 | Build | Castle |
| 25:09 | Build | Outpost |
| 25:21 | Research | Bow Saw |
| 25:24 | Build | Lumber Camp |
| 25:40 | Create | Villager (Male) |
| 25:40 | Create | Villager (Male) |
| 25:40 | Create | Villager (Male) |
| 25:41 | Create | Villager (Male) |
| 25:45 | Build | Farm |
Build order — pasonnosap
First 150 of 383 actions detected
| 0:01 | Create | Villager (Male) ×4 |
| 0:03 | Build | House |
| 0:04 | Build | House |
| 1:22 | Create | Villager (Male) |
| 1:23 | Create | Villager (Male) |
| 1:59 | Build | Lumber Camp |
| 2:00 | Create | Villager (Male) ×2 |
| 2:23 | Build | House |
| 2:24 | Build | House |
| 2:34 | Create | Villager (Male) |
| 2:34 | Create | Villager (Male) |
| 3:00 | Create | Villager (Male) |
| 3:28 | Create | Villager (Male) |
| 3:29 | Create | Villager (Male) |
| 3:45 | Create | Villager (Male) |
| 3:58 | Build | Mill |
| 4:23 | Create | Villager (Male) |
| 4:52 | Create | Villager (Male) |
| 5:02 | Build | Mill |
| 5:13 | Create | Villager (Male) |
| 5:20 | Build | House |
| 5:36 | Create | Villager (Male) |
| 5:58 | Create | Villager (Male) |
| 6:27 | Build | Farm |
| 6:31 | Create | Villager (Male) |
| 6:52 | Build | Farm |
| 6:54 | Create | Villager (Male) |
| 7:22 | Create | Villager (Male) |
| 7:56 | Research | Feudal Age |
| 8:05 | Build | Mining Camp |
| 9:43 | Create | Villager (Male) |
| 9:43 | Create | Villager (Male) |
| 10:07 | Age | Feudal Age |
| 10:10 | Build | Market |
| 10:46 | Build | Blacksmith |
| 11:20 | Research | Castle Age |
| 11:29 | Build | Farm |
| 11:32 | Build | Farm |
| 11:58 | Build | Farm |
| 12:13 | Build | Farm |
| 12:15 | Research | Double-Bit Axe |
| 12:37 | Research | Horse Collar |
| 12:47 | Build | Farm |
| 13:07 | Build | Farm |
| 13:21 | Build | House |
| 13:22 | Build | House |
| 13:50 | Create | Villager (Male) |
| 13:50 | Create | Villager (Male) |
| 14:00 | Age | Castle Age |
| 14:17 | Build | Town Center |
| 14:35 | Research | Loom |
| 14:40 | Build | House |
| 15:11 | Create | Villager (Male) |
| 15:11 | Create | Villager (Male) |
| 15:28 | Build | Farm |
| 15:32 | Build | Farm |
| 15:33 | Create | Villager (Male) |
| 15:33 | Create | Villager (Male) |
| 15:35 | Create | Villager (Male) |
| 15:37 | Research | Bow Saw |
| 15:49 | Build | Farm |
| 16:02 | Create | Villager (Male) |
| 16:05 | Build | Farm |
| 16:12 | Build | Farm |
| 16:25 | Create | Villager (Male) |
| 16:29 | Create | Villager (Male) |
| 16:49 | Create | Villager (Male) |
| 16:50 | Create | Villager (Male) |
| 16:53 | Build | Farm |
| 17:01 | Build | Farm |
| 17:06 | Research | Heavy Plow |
| 17:16 | Build | Farm |
| 17:27 | Create | Villager (Male) |
| 17:47 | Create | Villager (Male) |
| 17:48 | Create | Villager (Male) |
| 18:00 | Build | Town Center |
| 18:02 | Create | Villager (Male) |
| 18:03 | Create | Villager (Male) |
| 18:07 | Build | Lumber Camp |
| 18:12 | Build | House |
| 18:14 | Build | House |
| 18:31 | Create | Villager (Male) |
| 18:34 | Create | Villager (Male) |
| 18:34 | Create | Villager (Male) |
| 18:34 | Create | Villager (Male) |
| 18:37 | Build | Farm |
| 18:41 | Build | Farm |
| 19:09 | Create | Villager (Male) |
| 19:09 | Create | Villager (Male) |
| 19:11 | Build | Farm |
| 19:12 | Build | Farm |
| 19:13 | Build | Farm |
| 19:15 | Build | Farm |
| 19:17 | Build | Farm |
| 19:23 | Create | Villager (Male) |
| 19:25 | Create | Villager (Male) |
| 19:27 | Build | Farm |
| 19:33 | Build | House |
| 19:44 | Create | Villager (Male) |
| 19:50 | Build | Farm |
| 19:51 | Build | Farm |
| 19:52 | Build | Farm |
| 19:53 | Create | Villager (Male) |
| 19:58 | Create | Villager (Male) |
| 19:59 | Create | Villager (Male) |
| 20:05 | Create | Villager (Male) |
| 20:09 | Build | House |
| 20:11 | Build | House |
| 20:30 | Build | Town Center |
| 20:32 | Create | Villager (Male) |
| 20:32 | Create | Villager (Male) |
| 20:34 | Create | Villager (Male) |
| 20:39 | Create | Villager (Male) |
| 20:39 | Create | Villager (Male) |
| 20:45 | Build | Farm |
| 20:47 | Build | Farm |
| 20:59 | Build | House |
| 21:01 | Build | House |
| 21:05 | Research | Wheelbarrow |
| 21:30 | Build | House |
| 21:36 | Create | Villager (Male) |
| 21:36 | Create | Villager (Male) |
| 21:39 | Create | Villager (Male) |
| 21:39 | Create | Villager (Male) |
| 21:41 | Create | Villager (Male) |
| 21:42 | Create | Villager (Male) |
| 21:56 | Build | Farm |
| 21:57 | Build | Farm |
| 21:58 | Build | Farm |
| 21:59 | Build | Farm |
| 22:15 | Build | Outpost |
| 22:20 | Create | Villager (Male) |
| 22:22 | Create | Villager (Male) |
| 22:24 | Create | Villager (Male) |
| 22:27 | Research | Hand Cart |
| 22:32 | Create | Villager (Male) |
| 22:32 | Create | Villager (Male) |
| 22:36 | Build | Lumber Camp |
| 22:40 | Create | Villager (Male) |
| 22:58 | Build | Outpost |
| 23:04 | Build | Siege Workshop |
| 23:12 | Create | Villager (Male) |
| 23:14 | Create | Villager (Male) |
| 23:14 | Create | Villager (Male) |
| 23:16 | Create | Villager (Male) |
| 23:16 | Create | Villager (Male) |
| 23:22 | Create | Villager (Male) |
| 23:23 | Create | Villager (Male) |
| 23:26 | Build | University |
| 23:41 | Create | Mangonel |
Build order — DGHIR | Miloss
First 150 of 262 actions detected
| 0:01 | Create | Villager (Male) |
| 0:02 | Create | Villager (Male) ×3 |
| 0:02 | Create | Villager (Male) ×3 |
| 0:03 | Build | House |
| 0:04 | Build | House |
| 1:39 | Create | Villager (Male) |
| 1:39 | Create | Villager (Male) |
| 1:45 | Build | Lumber Camp |
| 2:01 | Create | Villager (Male) |
| 2:01 | Create | Villager (Male) |
| 2:23 | Create | Villager (Male) |
| 2:23 | Create | Villager (Male) |
| 2:49 | Create | Villager (Male) |
| 2:50 | Create | Villager (Male) |
| 3:05 | Build | House |
| 3:06 | Build | House |
| 3:08 | Build | House |
| 3:14 | Create | Villager (Male) |
| 3:14 | Create | Villager (Male) |
| 3:37 | Create | Villager (Male) |
| 3:38 | Create | Villager (Male) |
| 3:46 | Build | House |
| 4:14 | Create | Villager (Male) |
| 4:14 | Create | Villager (Male) |
| 4:35 | Create | Villager (Male) |
| 5:02 | Create | Villager (Male) |
| 5:03 | Create | Villager (Male) |
| 5:27 | Create | Villager (Male) |
| 5:36 | Create | Villager (Male) |
| 6:07 | Create | Villager (Male) |
| 6:21 | Build | Mill |
| 6:29 | Create | Villager (Male) |
| 7:03 | Create | Villager (Male) |
| 7:20 | Create | Villager (Male) |
| 7:26 | Build | Farm |
| 7:39 | Build | Mining Camp |
| 7:43 | Build | Mining Camp |
| 7:45 | Create | Villager (Male) |
| 8:13 | Create | Villager (Male) |
| 8:29 | Build | Farm |
| 8:32 | Create | Villager (Male) |
| 9:06 | Create | Villager (Male) |
| 9:08 | Research | Feudal Age |
| 9:26 | Build | Farm |
| 10:02 | Create | Villager (Male) |
| 10:02 | Create | Villager (Male) |
| 11:49 | Age | Feudal Age |
| 11:51 | Build | Market |
| 11:53 | Build | Blacksmith |
| 12:34 | Research | Castle Age |
| 12:40 | Build | Mining Camp |
| 12:54 | Research | Double-Bit Axe |
| 12:59 | Build | House |
| 13:01 | Build | House |
| 13:31 | Create | Villager (Male) |
| 13:31 | Create | Villager (Male) |
| 13:50 | Build | Farm |
| 13:54 | Build | Farm |
| 14:07 | Build | Lumber Camp |
| 14:29 | Build | Farm |
| 14:41 | Research | Horse Collar |
| 15:16 | Create | Villager (Male) |
| 15:16 | Create | Villager (Male) |
| 15:19 | Age | Castle Age |
| 15:48 | Create | Villager (Male) |
| 16:08 | Build | Town Center |
| 16:16 | Research | Bow Saw |
| 16:29 | Build | Farm |
| 16:31 | Build | Farm |
| 16:39 | Create | Villager (Male) |
| 17:10 | Build | Siege Workshop |
| 17:15 | Create | Villager (Male) |
| 17:19 | Create | Villager (Male) |
| 17:22 | Create | Villager (Male) |
| 17:44 | Create | Villager (Male) |
| 17:45 | Build | Farm |
| 17:47 | Build | Farm |
| 17:50 | Build | Farm |
| 17:52 | Build | Farm |
| 17:54 | Create | Villager (Male) |
| 18:01 | Create | Mangonel |
| 18:01 | Create | Mangonel |
| 18:26 | Create | Villager (Male) |
| 18:27 | Create | Villager (Male) |
| 19:04 | Create | Villager (Male) |
| 19:04 | Create | Villager (Male) |
| 19:09 | Build | Castle |
| 19:18 | Create | Mangonel |
| 19:29 | Build | Farm |
| 19:31 | Build | Farm |
| 19:37 | Research | Loom |
| 19:37 | Research | Wheelbarrow |
| 19:39 | Build | House |
| 19:40 | Build | House |
| 19:57 | Research | Town Watch |
| 20:02 | Research | Fletching |
| 20:38 | Build | House |
| 20:39 | Build | House |
| 20:40 | Build | House |
| 20:42 | Build | House |
| 20:43 | Create | Villager (Male) |
| 20:56 | Create | Villager (Male) |
| 20:56 | Create | Villager (Male) |
| 21:05 | Build | Farm |
| 21:06 | Build | Farm |
| 21:06 | Build | Farm |
| 21:06 | Build | Farm |
| 21:06 | Build | Farm |
| 21:06 | Build | Farm |
| 21:07 | Build | Farm |
| 21:07 | Build | Farm |
| 21:07 | Build | Farm |
| 21:12 | Build | Barracks |
| 21:16 | Build | House |
| 21:22 | Create | Villager (Male) |
| 21:23 | Create | Villager (Male) |
| 21:24 | Create | Villager (Male) |
| 21:31 | Build | House |
| 21:32 | Build | House |
| 21:36 | Create | Villager (Male) |
| 21:38 | Create | Mangonel |
| 21:47 | Create | Villager (Male) |
| 22:01 | Create | Villager (Male) |
| 22:01 | Create | Villager (Male) |
| 22:20 | Build | Town Center |
| 22:38 | Create | Villager (Male) |
| 22:38 | Create | Villager (Male) |
| 22:47 | Create | Villager (Male) |
| 22:54 | Build | Stable |
| 23:00 | Research | Bodkin Arrow |
| 23:07 | Create | Villager (Male) |
| 23:08 | Create | Villager (Male) |
| 23:18 | Build | Farm |
| 23:21 | Build | Farm |
| 23:24 | Build | Farm |
| 23:26 | Build | Farm |
| 23:29 | Build | Farm |
| 23:35 | Build | Farm |
| 23:43 | Create | Villager (Male) |
| 23:43 | Create | Villager (Male) |
| 23:44 | Create | Villager (Male) |
| 23:51 | Research | Light Cavalry (upgrade) |
| 23:57 | Build | Stable |
| 23:59 | Create | Villager (Male) |
| 24:04 | Build | Farm |
| 24:07 | Build | Farm |
| 24:10 | Create | Villager (Male) |
| 24:11 | Create | Villager (Male) |
| 24:26 | Create | Villager (Male) |
| 24:30 | Build | Farm |
Match timeline
| 1:34 | DGHIR | JUGUITO TIME · wall_segment Palisade Wall x1 |
| 1:35 | DGHIR | JUGUITO TIME · wall_segment Palisade Wall x1 |
| 10:05 | Reymon · age_up feudal |
| 10:07 | pasonnosap · age_up feudal |
| 10:31 | Charlie · age_up feudal |
| 11:19 | DGHIR | JUGUITO TIME · age_up feudal |
| 11:24 | Charlie · first_market_sell 100 stone |
| 11:42 | folly55 · age_up feudal |
| 11:49 | DGHIR | Miloss · age_up feudal |
| 14:00 | pasonnosap · age_up castle |
| 14:11 | DGHIR | Kiro · age_up feudal |
| 14:14 | Charlie · age_up castle |
| 14:50 | Reymon · age_up castle |
| 15:09 | DGHIR | JUGUITO TIME · age_up castle |
| 15:19 | DGHIR | Miloss · age_up castle |
| 15:41 | folly55 · age_up castle |
| 15:42 | Reymon · first_market_buy 100 stone |
| 15:46 | folly55 · first_building Siege Workshop |
| 15:48 | Charlie · first_market_buy 100 wood |
| 15:50 | Soldier Ghostz · first_building Siege Workshop |
| 16:02 | folly55 · first_building Monastery |
| 16:59 | DGHIR | JUGUITO TIME · first_market_buy 100 food |
| 17:10 | DGHIR | Miloss · first_building Siege Workshop |
| 17:39 | DGHIR | Kiro · first_market_sell 100 food |
| 17:41 | DGHIR | Kiro · first_market_buy 100 wood |
| 17:56 | DGHIR | Kiro · age_up castle |
| 18:17 | DGHIR | Kiro · first_building Monastery |
| 18:35 | DGHIR | Miloss · first_market_buy 500 stone |
| 19:09 | DGHIR | Miloss · first_building Castle |
| 20:18 | Soldier Ghostz · first_building Barracks |
| 20:18 | Reymon · first_building Barracks |
| 20:57 | Reymon · first_building Monastery |
| 21:12 | DGHIR | Miloss · first_building Barracks |
| 21:14 | DGHIR | Kiro · first_building Castle |
| 21:39 | Reymon · first_building Stable |
| 22:09 | DGHIR | Kiro · age_up imperial |
| 22:22 | Charlie · first_building Stable |
| 22:54 | DGHIR | Miloss · first_building Stable |
| 23:04 | pasonnosap · first_building Siege Workshop |
| 23:31 | DGHIR | JUGUITO TIME · first_building Monastery |
| 23:39 | pasonnosap · first_market_buy 100 wood |
| 24:37 | Soldier Ghostz · first_building Castle |
| 24:49 | DGHIR | JUGUITO TIME · first_building Barracks |
| 24:51 | DGHIR | Miloss · first_building Monastery |
| 24:56 | pasonnosap · first_building Barracks |
| 25:09 | Charlie · first_building Castle |
| 25:19 | Reymon · first_market_sell 100 wood |
| 25:57 | DGHIR | JUGUITO TIME · first_market_sell 100 food |
| 26:33 | Reymon · first_building Castle |
| 26:33 | DGHIR | JUGUITO TIME · first_building Stable |
| 26:39 | Charlie · first_building Siege Workshop |
| 26:59 | folly55 · first_building Castle |
| 27:24 | pasonnosap · first_building Archery Range |
| 28:01 | pasonnosap · first_building Castle |
| 28:04 | DGHIR | Miloss · wall_segment Stone Wall x1 |
| 28:21 | folly55 · first_market_buy 100 food |
| 28:26 | folly55 · first_market_sell 100 stone |
| 28:26 | Charlie · age_up imperial |
| 28:38 | Reymon · age_up imperial |
| 28:53 | pasonnosap · age_up imperial |
| 29:03 | DGHIR | JUGUITO TIME · first_building Siege Workshop |
| 29:07 | Reymon · first_building Archery Range |
| 29:20 | DGHIR | JUGUITO TIME · first_building Castle |
| 29:44 | DGHIR | Miloss · first_market_sell 500 wood |
| 30:13 | Reymon · first_building Siege Workshop |
| 30:23 | DGHIR | JUGUITO TIME · age_up imperial |
| 30:30 | Charlie · wall_segment Palisade Wall x1 |
| 30:36 | Charlie · wall_segment Palisade Wall x1 |
| 30:39 | Charlie · wall_segment Palisade Wall x1 |
| 30:45 | folly55 · age_up imperial |
| 32:47 | pasonnosap · first_market_sell 100 food |
| 33:01 | folly55 · first_building Barracks |
| 33:21 | DGHIR | Miloss · age_up imperial |
| 33:55 | DGHIR | Kiro · first_building Siege Workshop |
| 36:44 | pasonnosap · first_building Monastery |
| 37:29 | DGHIR | JUGUITO TIME · resign |
[ AI ANALYSIS · 1 CREDIT ]
What really happened in this match?
Wolo.gg analyzes every decision: build order, eco, micro, common mistakes by bracket. Personalized analysis on WhatsApp or Discord in 30 seconds.
Civ guide
Khmer
Perfil
Jugador #4845717